 Dungeon Crawl Stone Soup version 0.17-a0-1738-g82cdc46 (webtiles) character file.

133 kae the Caller (level 5, -1/28 HPs)
             Began as a Tengu Summoner on Aug 30, 2015.
             Killed from afar by kae's ghost (11 damage)
             ... with a flame tongue
             ... on level 3 of the Dungeon.
             The game lasted 00:04:43 (2649 turns).

kae the Caller (Tengu Summoner)                     Turns: 2649, Time: 00:04:45

Health: -1/28      AC:  3    Str:  8    XL:     5   Next: 16%
Magic:  7/9        EV: 12    Int: 17    God:
Gold:   57         SH:  0    Dex: 14    Spells: 3 memorised, 2 levels left

rFire  . . .     SeeInvis .     e - +0 spear
rCold  . . .     Clarity  .     a - +0 robe
rNeg   . . .     SustAt   .     k - +0 buckler
rPois  .         Gourm    .     (helmet restricted)
rElec  .         Spirit   .     (no cloak)
rCorr  .         Warding  .     l - +0 pair of gloves
rMut   .         Stasis   .     (boots unavailable)
MR     .....                    (no amulet)
Stlth  +.........               (no ring)
                                (no ring)

@: confused, not resistant to hostile enchantments, very unstealthy
A: beak, talons 3, able to fly 1
a: Fly


You were on level 3 of the Dungeon.
You were hungry.

You visited 1 branch of the dungeon, and saw 3 of its levels.

You collected 57 gold pieces.

Inventory:

Hand weapons
 e - a +0 spear (weapon)
Armour
 a - a +0 robe (worn)
 k - a +0 buckler (worn)
 l - a +0 pair of gloves (worn)
Jewellery
 s - a cursed ring of loudness {unknown}
 t - an uncursed amulet of clarity {unknown}
 u - an uncursed ring of fire {unknown}
 v - an uncursed ring of sustain attributes {unknown}
Scrolls
 d - a scroll of recharging {unknown}
 h - a scroll of remove curse {unknown}
 i - 2 scrolls of enchant weapon {unknown}
 m - 3 scrolls of random uselessness {unknown}
 n - a scroll of amnesia {unknown}
 o - a scroll of blinking {unknown}
Potions
 g - a potion of haste {unknown}
 p - a potion of degeneration {unknown}
 q - a potion of curing {unknown}
 r - a potion of heal wounds {unknown}
Books
 b - a book of Callings

   Spells                             Type                      Level
   a - Summon Small Mammal            Summoning                    1
   b - Call Imp                       Summoning                    2
   c - Call Canine Familiar           Summoning                    3
   d - Summon Guardian Golem          Hexes/Summoning              3
   e - Summon Lightning Spire         Summoning/Air                4
   f - Summon Ice Beast               Ice/Summoning                4
Comestibles
 c - 4 bread rations
 j - a meat ration


   Skills:
 - Level 2.1 Dodging
 - Level 2.0 Stealth
 - Level 2.0 Spellcasting
 + Level 7.6 Summonings


You had 2 spell levels left.
You knew the following spells:

 Your Spells              Type           Power        Failure   Level  Hunger
a - Summon Small Mammal   Summ           ####         1%          1    #......
b - Call Imp              Summ           ####....     1%          2    ###....
c - Call Canine Familiar  Summ           ####....     4%          3    ###....


Dungeon Overview and Level Annotations

Branches:
Dungeon (3/15)

Altars:
Okawaru
Ru

Annotations:
D:3 kae's ghost, average TeFE


Innate Abilities, Weirdness & Mutations

You have a beak for a mouth.
You have claws for feet.
You can fly.


Message History

The puff of flame misses your hound. The puff of flame hits you!
* * * LOW HITPOINT WARNING * * *
Your hound barely misses kae's ghost.
Your hound closely misses kae's ghost.
Kae's ghost misses your hound.
There is an open door here.
You are too injured to fight recklessly!
Attack whom?
Press: ? - help, Dir - move target cursor, f/p - kae's ghost
Aim: kae's ghost, wielding a weapon of flaming (heavily damaged)
You could not reach far enough!
Your hound bites kae's ghost.
Kae's ghost hits your hound. Kae's ghost burns your hound.
Your hound bites kae's ghost.
Drink which item? (? for menu, Esc to quit)
It was a potion of ambrosia.
You are confused.
You feel invigorated.
Your hound bites kae's ghost but does no damage.
Kae's ghost casts a spell at your hound.
The flame tongue misses your hound. The flame tongue hits you!
You die...

#........# #........#
####........#########
...'................#
####................#
....................#
#
#.#...............(.#
# #.................#
#
.....<#@##..........#
#
###...#h##.#..).....#
# +...#W##.###'######
# #..
#.##.###.#########
#..
#.##>............' #.
#.##.###......####
#.##........(.....
#.###########.####
#.# #.#


You could see kae's ghost and a friendly hound.

Vanquished Creatures
  An orc wizard (D:3)
  An adder (D:2)
  A worm (D:2)
  7 orcs (D:3)
  3 giant cockroaches
  5 goblins
  A hobgoblin (D:1)
  3 jackals (D:2)
  4 bats
  2 giant newts
  6 kobolds
  4 rats
38 creatures vanquished.

Vanquished Creatures (collateral kills)
  An orc wizard (D:3)
  3 adders
  An ooze (D:2)
  6 orcs (D:3)
  2 bats
  4 goblins
  3 hobgoblins (D:1)
  A jackal (D:2)
  2 ball pythons
  A giant gecko (D:1)
  2 giant newts
  3 rats
29 creatures vanquished.

Vanquished Creatures (others)
  2 fungi (D:3)
2 creatures vanquished.

Grand Total: 69 creatures vanquished

Notes
Turn   | Place    | Note
--------------------------------------------------------------
     0 | D:1      | kae the Tengu Summoner began the quest for the Orb.
     0 | D:1      | Reached XP level 1. HP: 10/10 MP: 4/4
    40 | D:1      | Reached skill level 5 in Summonings
   277 | D:1      | Reached XP level 2. HP: 13/15 MP: 4/6
  1056 | D:2      | Reached XP level 3. HP: 19/19 MP: 7/7
  1060 | D:2      | Learned a level 2 spell: Call Imp
  1064 | D:2      | Learned a level 3 spell: Call Canine Familiar
  1145 | D:2      | Reached skill level 6 in Summonings
  1384 | D:2      | Found an iron altar of Okawaru.
  1915 | D:3      | Reached XP level 4. HP: 24/24 MP: 4/8
  2110 | D:3      | Reached skill level 7 in Summonings
  2198 | D:3      | Found a sacrificial altar of Ru.
  2223 | D:3      | Gained mutation: You can fly. [Tengu growth]
  2223 | D:3      | Reached XP level 5. HP: 5/28 MP: 2/9
  2616 | D:3      | Noticed kae's ghost (average TeFE)
  2649 | D:3      | Killed from afar by kae's ghost

Vault maps used:
D:1:      tarquinn_simple_flora_water_a
D:2:      okawaru_metal_pillars_1_2
D:3:      nicolae_ru_the_path_less_chosen

Action                   |  1- 3 |  4- 6 || total
-------------------------+-------+-------++-------
Melee: Unarmed           |    13 |       ||    13
       Spear             |    79 |    52 ||   131
 Cast: Summon Small Mamm |    18 |       ||    18
       Call Canine Famil |     4 |     7 ||    11
       Call Imp          |     1 |     1 ||     2
  Use: Potion            |       |     1 ||     1
 Stab: Sleeping          |     5 |     3 ||     8
       Distracted        |     1 |       ||     1
  Eat: Chunk             |     4 |     3 ||     7
